 Dungeon Crawl Stone Soup version 0.25-a0-458-g6fc7858b95 (webtiles) character file.

Game seed: 10989882556791496076, levelgen mode: deterministic

3948 mopl the Changer (level 10, -5/50 HPs)
             Began as a Spriggan Transmuter on Feb 3, 2020.
             Was a Follower of Cheibriados.
             Slain by a wyvern (16 damage)
             ... on level 8 of the Dungeon.
             The game lasted 00:18:09 (9265 turns).

mopl the Changer (Spriggan Transmuter)              Turns: 9265, Time: 00:18:10

Health: -5/50      AC:  2    Str: 11    XL:     10   Next: 2%
Magic:  18/21      EV: 22    Int: 17    God:    Cheibriados [*.....]
Gold:   409        SH:  2    Dex: 24    Spells: 8/23 levels left

rFire    . . .     SeeInvis +     - Unarmed
rCold    . . .     Gourm    .   (shield currently unavailable)
rNeg     . . .     Faith    .   (armour currently unavailable)
rPois    x         Spirit   .   (helmet currently unavailable)
rElec    .         Reflect  +   (cloak currently unavailable)
rCorr    .         Harm     .   (gloves unavailable)
MR       +....                  (boots unavailable)
Stlth    ++........             h - +2 amulet of reflection
HPRegen  0.16/turn              (no ring)
MPRegen  0.17/turn              (no ring)

@: spider-form, very slow
A: tiny, unfitting armour, see invisible, herbivore, slow metabolism 2
a: End Transformation, Bend Time, Renounce Religion


You were on level 8 of the Dungeon.
You worshipped Cheibriados.
Cheibriados was aware of your devotion.
You were not hungry.
You were a venomous arachnid creature.
You visited 2 branches of the dungeon, and saw 10 of its levels.

You collected 409 gold pieces.

Inventory:

Hand Weapons
 b - a +0 hunting sling
 g - a +3 dagger of venom (melded)
 D - the +0 war axe of Conscience {flame, +Inv rN+ Stlth+}
   (You found it on level 5 of the Dungeon)

   It has been specially enchanted to burn those struck by it, causing extra
   injury to most foes and up to half again as much damage against particularly
   susceptible opponents.
   Big, fiery blades are also staple armaments of hydra-hunters.
   It protects you from negative energy.
   It lets you turn invisible.
   It makes you more stealthy.
Missiles
 a - 81 arrows
 f - 19 poisoned darts (quivered)
 k - 31 sling bullets
 m - 14 boomerangs
 o - 179 stones
 E - 8 atropa-tipped darts
 I - 3 curare-tipped darts
Armour
 e - a +0 cloak (melded)
 y - a +2 animal skin (melded)
Jewellery
 h - a +2 amulet of reflection (around neck)
 j - an uncursed ring of fire
 z - an uncursed ring of resist corrosion
 C - an uncursed ring of ice {unknown}
Wands
 w - a wand of iceblast (3)
Scrolls
 d - 2 scrolls of enchant armour {unknown}
 l - 2 scrolls of remove curse
 p - 5 scrolls of teleportation
 q - 2 scrolls of magic mapping
 t - 4 scrolls of fog
 u - a scroll of random uselessness {unknown}
 v - a scroll of immolation {unknown}
 G - 2 scrolls of amnesia {unknown}
 H - 2 scrolls of blinking {unknown}
 J - 2 scrolls of enchant weapon {unknown}
 L - a scroll of noise {unknown}
Potions
 i - 4 potions of might
 n - 4 potions of heal wounds
 r - 3 potions of lignification {!q}
 s - 2 potions of curing
 x - 2 potions of cancellation
 B - a potion of flight {unknown}
 F - a potion of magic {unknown}
 K - 2 potions of invisibility {unknown}
 M - 2 potions of agility {unknown}
Comestibles
 c - 5 rations


   Skills:
 + Level 4.2 Fighting
 + Level 4.8 Throwing
 - Level 3.0 Dodging
 * Level 7.1 Unarmed Combat
 + Level 7.2 Spellcasting
 + Level 7.8 Transmutations
 - Level 4.0 Ice Magic
 + Level 1.9 Invocations


You had 8 spell levels left.
You knew the following spells:

 Your Spells              Type           Power        Failure   Level  Hunger
a - Beastly Appendage     Tmut           ####..       3%          1    None
b - Spider Form           Tmut/Pois      ###.......   19%         3    ##.....
c - Blade Hands           Tmut           ####......   30%         5    #####..
d - Ice Form              Ice/Tmut       ####....     24%         4    ####...
w - Sticks to Snakes      Tmut           ####....     4%          2    None

Your spell library contained the following spells:

 Spells                   Type           Power        Failure   Level  Hunger
 Ensorcelled Hibernation  Hex/Ice        ##....       21%         2    None
 Corona                   Hex            #......      28%         1    None
 Confusing Touch          Hex            #.......     56%         3    ##.....
 Dazzling Flash           Conj/Hex       #.....       56%         3    ##.....
 Tukima's Dance           Hex            #.......     56%         3    ##.....


Dungeon Overview and Level Annotations

Branches:
Dungeon (9/15)             Temple (1/1) D:4
   Lair: D:8-11         Orc: D:9-12

Altars:
Ashenzari
Cheibriados
Dithmenos
Elyvilon
Fedhas
Gozag
Hepliaklqana
Kikubaaqudgha
Makhleb
Nemelex Xobeh
Qazlal
Ru
Trog
Uskayaw
Vehumet
Wu Jian
Xom
Yredelemnul
Zin
The Shining One

Shops:
D:4 =


Innate Abilities, Weirdness & Mutations

You are very small and have problems with some larger weapons.
You are too small for most types of armour.
You have supernaturally acute eyesight. (SInv)
You are a herbivore.
((You cover ground extremely quickly.))
You need to consume almost no food.


Message History

The scroll dissolves into smoke.
It was a scroll of fog.
You see here the +1 rapier of Laceration {protect, rElec}.
Casting: Spider Form (safe; 7% risk of failure)
Confirm with . or Enter, or press ? or * to list all spells.
You turn into a venomous arachnid creature.
Your +3 dagger of venom melds into your body.
Your +0 cloak melds into your body.
Your +2 animal skin melds into your body.
Your +3 dagger of venom stops dripping with poison.
The wyvern hisses angrily.
The wyvern misses you.
You hit the wyvern.
The wyvern is poisoned.
The wyvern is lightly wounded.
The wyvern bites you!
You hit the wyvern but do no damage.
The wyvern looks as sick as possible!
The wyvern is lightly wounded.
The wyvern bites you!!
* * * LOW HITPOINT WARNING * * *
The wyvern bites you!
You die...

#§§§..#.....# .
#§#####.##..# ##
###§#####.##..#####
#.§§§§....##.......
#.#§########..#####
#.#)# #.###### #.##
#######.#.# #.......
#... #....##.#.#
######## .##..#
#....#..s.# ....>.
#....#.l###
....).###....#..###
..........o.......#
..........###.....#
..........##......#
..........##......#
##........##......#
#....######...########


You could see a wyvern.

Vanquished Creatures
  Pikel (D:6)
  Grinder (D:4)
  3 hippogriffs
  Menkaure (D:4)
  Edmund (D:4)
  3 orc warriors
  2 sky beasts
  3 ogres
  2 phantoms
  A centaur (D:7)
  4 bullfrogs
  2 scorpions
  5 killer bees
  3 crimson imps
  2 hounds
  2 jellies
  An orc priest (D:7)
  Crazy Yiuf (D:4)
  5 orc wizards
  A bullfrog skeleton (D:5)
  5 iguanas
  Ijyb (D:3)
  4 worker ants
  A howler monkey zombie (D:5)
  Robin (D:3)
  9 adders
  3 shadow imps
  2 adder zombies
  4 worms
  5 leopard geckos
  24 orcs
  3 ball pythons
  9 giant cockroaches
  11 goblins
  8 hobgoblins
  7 jackals (D:5)
  6 quokkas
  4 bats (D:2)
  7 frilled lizards
  A jackal skeleton (D:4)
  4 kobolds
  4 rats
167 creatures vanquished.

Vanquished Creatures (collateral kills)
  A jelly (D:5)
1 creature vanquished.

Vanquished Creatures (others)
  A howler monkey (D:6)
1 creature vanquished.

Grand Total: 169 creatures vanquished

Notes
Turn   | Place    | Note
-------+----------+-------------------------------------------
     0 | D:1      | mopl the Spriggan Transmuter began the quest for the Orb.
     0 | D:1      | Reached XP level 1. HP: 9/9 MP: 5/5
   332 | D:1      | Reached skill level 3 in Transmutations
   332 | D:1      | Reached XP level 2. HP: 14/14 MP: 6/6
   345 | D:1      | Learned a level 2 spell: Sticks to Snakes
   634 | D:2      | Reached skill level 3 in Spellcasting
   714 | D:2      | Reached skill level 3 in Unarmed Combat
   718 | D:2      | Reached XP level 3. HP: 11/17 MP: 8/8
  1155 | D:2      | Learned a level 3 spell: Spider Form
  1223 | D:2      | Reached XP level 4. HP: 21/21 MP: 8/10
  1942 | D:3      | Found a basalt altar of Yredelemnul.
  1960 | D:3      | Noticed Ijyb
  1982 | D:3      | Killed Ijyb
  1982 | D:3      | Reached skill level 1 in Fighting
  1982 | D:3      | Reached skill level 4 in Transmutations
  2209 | D:3      | Learned a level 4 spell: Ice Form
  2403 | D:3      | Noticed Robin
  2459 | D:3      | Reached XP level 5. HP: 13/25 MP: 8/11
  2464 | D:3      | Killed Robin
  3301 | D:4      | Found Ycliogg's Jewellery Boutique.
  3306 | D:4      | Noticed Edmund
  3334 | D:4      | Killed Edmund
  3334 | D:4      | Reached skill level 4 in Unarmed Combat
  3334 | D:4      | Reached skill level 4 in Spellcasting
  3334 | D:4      | Reached XP level 6. HP: 25/30 MP: 11/13
  3345 | D:3      | Reached skill level 1 in Throwing
  3345 | D:3      | Reached skill level 1 in Ice Magic
  3906 | D:4      | Found a runed translucent door.
  3907 | D:4      | Noticed Crazy Yiuf
  3926 | D:4      | Found a shimmering altar of Xom.
  3981 | D:4      | Killed Crazy Yiuf
  4053 | D:4      | Found a hide-covered altar of Uskayaw.
  4159 | D:4      | Found a basalt altar of Yredelemnul.
  4241 | D:4      | Reached XP level 7. HP: 24/34 MP: 14/14
  4248 | D:4      | Learned a level 5 spell: Blade Hands
  4278 | D:4      | Reached skill level 5 in Transmutations
  4285 | D:4      | Noticed Menkaure
  4476 | D:4      | Reached skill level 2 in Fighting
  4558 | D:4      | Noticed Grinder
  4584 | D:4      | Reached skill level 2 in Throwing
  4616 | D:4      | Killed Menkaure
  4616 | D:4      | Reached skill level 5 in Spellcasting
  4913 | D:4      | Found a staircase to the Ecumenical Temple.
  4973 | Temple   | Entered the Ecumenical Temple
  5021 | D:4      | Reached skill level 5 in Unarmed Combat
  5021 | D:4      | Reached skill level 2 in Ice Magic
  5326 | D:4      | Killed Grinder
  5326 | D:4      | Reached XP level 8. HP: 39/39 MP: 13/16
  5418 | D:5      | Entered Level 5 of the Dungeon
  5509 | D:5      | Found a white marble altar of Elyvilon.
  5681 | D:5      | Got a blackened war axe
  5682 | D:5      | Identified the cursed +0 war axe of Conscience {flame, +Inv
                  | rN+ Stlth+} (You found it on level 5 of the Dungeon)
  5899 | D:6      | Reached skill level 3 in Throwing
  5899 | D:6      | Reached skill level 6 in Transmutations
  5966 | D:6      | Found a white marble altar of Elyvilon.
  5966 | D:6      | Found a sparkling altar of Nemelex Xobeh.
  5970 | D:6      | Found a snail-covered altar of Cheibriados.
  6115 | D:6      | Noticed Pikel
  6447 | D:6      | Reached skill level 3 in Fighting
  6695 | D:6      | Killed Pikel
  6695 | D:6      | Reached skill level 6 in Unarmed Combat
  6695 | D:6      | Reached skill level 6 in Spellcasting
  6695 | D:6      | Reached skill level 3 in Ice Magic
  6695 | D:6      | Reached XP level 9. HP: 15/44 MP: 17/19
  7205 | D:7      | Reached skill level 4 in Throwing
  7205 | D:7      | Reached skill level 7 in Transmutations
  7663 | D:6      | Found a shadowy altar of Dithmenos.
  7663 | D:6      | Found an ornate altar of the Wu Jian Council.
  7677 | D:6      | Became a worshipper of Cheibriados the Contemplative
  7726 | D:7      | You fall into a shaft and drop 2 floors!
  8153 | D:8      | Reached skill level 1 in Invocations
  8160 | D:8      | Reached skill level 4 in Fighting
  8160 | D:8      | Reached skill level 7 in Spellcasting
  8846 | D:8      | Reached skill level 7 in Unarmed Combat
  8893 | D:8      | Got a fine rapier
  8894 | D:8      | Identified the cursed +1 rapier of Laceration {protect,
                  | rElec} (You found it on level 8 of the Dungeon)
  9050 | D:8      | Reached * piety under Cheibriados
  9050 | D:8      | Reached XP level 10. HP: 10/50 MP: 19/21
  9056 | D:8      | Reached skill level 4 in Ice Magic
  9265 | D:8      | Slain by a wyvern

Levels and vault maps discovered:
D:1:      dpeg_arrival_rooms_c, layout_rooms
D:2:      layout_basic
D:3:      layout_basic, yredelemnul_altar_generic, uniq_ijyb, uniq_robin
D:4:      layout_cave_pools, grunt_temple_overflow_open,
          minmay_temple_entry_purple_smoke, serial_shops, shop,
          minmay_misc_feat_hallway, minivault_14, grunt_ministairs_8,
          uniq_menkaure, uniq_crazy_yiuf_cottage, uniq_edmund, uniq_grinder
D:5:      layout_rooms, first_ration, elyvilon_altar_4
D:6:      layout_rooms, nicolae_overflow_hidden_temple, uniq_pikel
D:7:      layout_basic
D:8:      layout_basic, led_sif_book, kennysheep_just_a_vault
D:9:      layout_long_grid, okawaru_humans
Temple:   nicolae_temple_no_exploring_needed

Skill      XL: |  1  2  3  4  5  6  7  8  9 10 |
---------------+-------------------------------+-----
Transmutations | 3 4 5 6 7 |  7.8
Spellcasting   | 3 4 5 6 7 |  7.2
Unarmed Combat | 3 4 5 6 7 |  7.1
Fighting       | 1 2 3 4 |  4.2
Throwing       | 1 2 3 4 |  4.8
Ice Magic      | 1 2 3 4 |  4.0
Invocations    | 1 |  1.9
Dodging        | |  3.0

Action                   |  1- 3 |  4- 6 |  7- 9 | 10-12 || total
-------------------------+-------+-------+-------+-------++-------
Melee: Dagger            |    61 |   146 |   148 |       ||   355
       Unarmed           |     9 |    21 |   208 |     7 ||   245
       Punch             |       |     1 |     3 |       ||     4
       Headbutt          |       |       |     1 |       ||     1
 Fire: Hunting sling     |     7 |       |    11 |       ||    18
Throw: Dart              |    22 |    57 |    49 |       ||   128
       Boomerang         |       |       |     3 |       ||     3
 Cast: Beastly Appendage |     2 |       |     1 |       ||     3
       Spider Form       |       |     2 |    10 |     1 ||    13
       Ice Form          |       |       |    10 |       ||    10
       Sticks to Snakes  |       |       |     5 |       ||     5
 Abil: End Transformatio |       |     1 |     1 |       ||     2
Evoke: Wand              |       |       |     4 |       ||     4
  Use: Scroll            |       |     3 |     5 |     1 ||     9
       Potion            |       |       |     3 |       ||     3
 Stab: Distracted        |       |     1 |     2 |       ||     3
       Sleeping          |       |       |     1 |       ||     1
  Eat: Ration            |       |     1 |     4 |       ||     5
Armor: Robe              |     5 |     3 |       |       ||     8
       Skin              |       |     2 |    31 |       ||    33
       Animal skin       |       |     6 |    25 |       ||    31
Dodge: Dodged            |    63 |   138 |   282 |     2 ||   485
Block: Other             |     6 |    13 |    23 |     1 ||    43
       Reflection        |     1 |       |       |       ||     1

Table legend:
 A = Non-vault XP
 B = Vault XP
 C = Vault XP percentage of total XP
 D = Non-vault monster count
 E = Vault monster count
 F = Vault count percentage of total count
                 A         B        C        D         E       F
            +---------+---------+-------+---------+---------+-------
      Total |    4238 |    1403 |  24.9 |     149 |      20 |  11.8
            +---------+---------+-------+---------+---------+-------
        D:1 |      16 |       0 |   0.0 |      11 |       0 |   0.0
        D:2 |     100 |       0 |   0.0 |      18 |       0 |   0.0
        D:3 |     141 |      72 |  33.8 |      23 |      13 |  36.1
        D:4 |     570 |     632 |  52.6 |      16 |       5 |  23.8
        D:5 |     221 |       2 |   0.9 |      14 |       1 |   6.7
        D:6 |     635 |     697 |  52.3 |      22 |       1 |   4.3
        D:7 |     912 |       0 |   0.0 |      24 |       0 |   0.0
        D:8 |    1184 |       0 |   0.0 |      17 |       0 |   0.0
        D:9 |     459 |       0 |   0.0 |       4 |       0 |   0.0
            +---------+---------+-------+---------+---------+-------
